 Dungeon Crawl Stone Soup version 0.30.1-9-gdf580d7c3d (webtiles) character file.

Game seed: 14895893845905133417

336 Chiseanne the Trooper (level 6, 49/49 (51) HPs)
             Began as a Demonspawn Wanderer on Oct 5, 2023.
             Quit the game on level 3 of the Dungeon.
             The game lasted 00:08:16 (1991 turns).

Chiseanne the Trooper (Demonspawn Wanderer)         Turns: 1991, Time: 00:08:17

HP:   49/49 (51)    AC:  8    Str: 19    XL:     6   Next: 28%
MP:   6/6           EV: 11    Int: 10    God:
Gold: 129           SH:  0    Dex: 11    Spells: 5/5 levels left

rFire   . . .        w - +1 shortbow (heavy)
rCold   . . .        (shield currently unavailable)
rNeg    . . .        b - +1 ring mail
rPois   .            (helmet restricted)
rElec   .            (no cloak)
rCorr   .            n - +1 pair of gloves
SInv    .            (no boots)
Will    .....        (no amulet)
Stlth   +            (no ring)
HPRegen 0.28/turn    (no ring)
MPRegen 0.10/turn

%: no passive effects
@: lightly drained
A: antennae 1, powered by pain 1, demonic magic 2
a: no special abilities


You were on level 3 of the Dungeon.
You visited 1 branch of the dungeon, and saw 3 of its levels.

You collected 129 gold pieces.

Inventory:

Hand Weapons
 a - a +2 dagger of venom
 p - a +0 rapier
 w - a +1 heavy shortbow (weapon)
Missiles
 e - 11 stones
Armour
 b - a +1 ring mail (worn)
 n - a +1 pair of gloves (worn)
Scrolls
 d - a scroll of immolation
 g - 3 scrolls of fog
 l - a scroll of brand weapon
 o - a scroll of enchant armour
Potions
 c - a potion of curing
 f - a potion of mutation
 j - 2 potions of ambrosia
 m - a potion of flight {unknown}
 q - a potion of heal wounds {unknown}
 r - a potion of degeneration {unknown}


   Skills:
 * Level 5.4 Fighting
 - Level 2.6 Ranged Weapons
 * Level 3.4 Armour
 * Level 3.1 Dodging
 - Level 1.2 Invocations
 - Level 1.0 Evocations


You had 5 spell levels left.
You didn't know any spells.
Your spell library contained the following spells:

 Spells                   Type           Power      Damage    Failure   Level
 Beastly Appendage        Tmut           0%         N/A       54%         1
 Magic Dart               Conj           0%         1d3       54%         1
 Slow                     Hex            0%         N/A       54%         1
 Call Imp                 Summ           0%         N/A       67%         2
 Wereblood                Tmut           0%         N/A       67%         2
 Confusing Touch          Hex            0%         N/A       88%         3
 Mephitic Cloud           Conj/Pois/Air  0%         N/A       88%         3
 Spider Form              Tmut/Pois      0%         N/A       88%         3
 Vampiric Draining        Necr           0%         2d6       88%         3


Dungeon Overview and Level Annotations

Branches:
Dungeon (3/15)

Altars:


Innate Abilities, Weirdness & Mutations

You have a pair of small antennae on your head.
You sometimes gain a little power by taking damage.
Spells you cast may paralyse nearby enemies.


Message History

You shoot an arrow. The arrow misses the goblin.
Fire: w) +1 shortbow (heavy)
Press: ? - help, Q - select action, (/) - cycle Shift-Dir - straight line, f/p - goblin
Aim: a goblin, wielding a +2 dagger of draining (53% to hit)
You shoot an arrow. The arrow misses the goblin.
The goblin hits you but does no damage.
You feel drained. The goblin hits you but does no damage.
You feel drained.
Your +2 dagger of venom begins to drip with poison!
a - a +2 dagger of venom (weapon)
You hit the goblin.
You kill the goblin!
You see here a +2 dagger of draining.
Your +2 dagger of venom stops dripping with poison.
w - a +1 heavy shortbow (weapon)
You open the door.
An orc and a bat come into view.
Found an ivory wand and a scroll labelled LYWKIDU VASEME.
The orc shouts!
There is an open door here.
The bat closely misses you. The bat barely misses you.
The bat attacks as you move away! The bat completely misses you.
The bat closely misses you.
You see here a +2 dagger of draining.
The bat hits you but does no damage. The bat misses you.
The bat hits you but does no damage. The bat attacks as you move away!
The bat hits you but does no damage. x2
There is an open door here.
Fire: w) +1 shortbow (heavy)
Press: ? - help, Q - select action, (/) - cycle Shift-Dir - straight line, f - bat
Aim: a bat (46% to hit)
You shoot an arrow. The arrow hits the bat!
You kill the bat!
Fire: w) +1 shortbow (heavy)
Press: ? - help, Q - select action, (/) - cycle Shift-Dir - straight line, f - orc
Aim: an orc, wielding a +0 dagger and wearing a +0 leather armour (60% to hit)
You shoot an arrow. The arrow hits the orc!
You kill the orc!
Things that are here:
a +0 dagger; a +0 leather armour; an orc corpse Are you sure you want to abandon this character and quit the game? (Confirm with "yes".)

...#....) #......#....... ...#
## #......#{.....? ...#
#....###.o.....
...##+########..).# .......
.............#...### #####..
.......).....###...# .
.............# #.#.# ######
..........^..# #.#.###....#
#............# #@#...#....#
#............# #.###.#....#
#............###'###'#....#
#.........................#
#####'#.######............##.#
#.#.#{{{ #...............#
####.#.# #..........######
#....#.# #.................
#....#.# #.........###.....


There were no monsters in sight!

Vanquished Creatures
  Grinder (D:3)
  An iguana (D:3)
  An orc wizard (D:2)
  2 adders (D:2)
  An ufetubus (D:3)
  2 dart slugs
  6 orcs
  3 bats
  6 endoplasms
  A giant cockroach (D:1)
  6 goblins
  3 hobgoblins (D:1)
  3 quokkas
  2 ball pythons (D:1)
  2 frilled lizards
  4 kobolds (D:1)
  A rat (D:1)
45 creatures vanquished.

Notes
Turn   | Place    | Note
-------+----------+-------------------------------------------
     0 | D:1      | Chiseanne the Demonspawn Wanderer began the quest for the
                  | Orb.
     0 | D:1      | Chiseanne set off with the following items: a +1 shortbow,
                  | a piece from Xom's chessboard (15/15), a potion of curing,
                  | a +0 leather armour.
     0 | D:1      | Reached XP level 1. HP: 19/19 MP: 1/1
    83 | D:1      | Gained mutation: Spells you cast may paralyse adjacent
                  | enemies. [demonic ancestry]
    83 | D:1      | Reached XP level 2. HP: 22/25 MP: 2/2
   324 | D:1      | Reached skill level 1 in Dodging
   731 | D:1      | Reached XP level 3. HP: 30/30 MP: 3/3
  1522 | D:2      | Gained mutation: Spells you cast may paralyse nearby
                  | enemies. [demonic ancestry]
  1522 | D:2      | Reached XP level 4. HP: 27/38 MP: 4/4
  1762 | D:3      | Noticed Grinder
  1770 | D:3      | Killed Grinder
  1771 | D:3      | Reached skill level 5 in Fighting
  1771 | D:3      | Gained mutation: You have a pair of small antennae on your
                  | head. [demonic ancestry]
  1771 | D:3      | Reached XP level 5. HP: 17/44 MP: 5/5
  1771 | D:3      | Gained mutation: You sometimes gain a little power by
                  | taking damage. [demonic ancestry]
  1771 | D:3      | Reached XP level 6. HP: 19/51 MP: 6/6
  1991 | D:3      | Quit the game

Illustrated notes

Levels and vault maps discovered:
D:1:      erik_arrival_orb_chamber, layout_basic, chequers_serial_rivers_small_3
D:2:      layout_basic
D:3:      layout_basic, uniq_natasha, uniq_grinder, uniq_ijyb

Skill      XL: |  1  2  3  4 |
---------------+-------------+-----
Dodging        | 1 3 |  3.1
Armour         | 2 3 |  3.4
Fighting       | 5 |  5.4
Ranged Weapons | |  2.6
Invocations    | |  1.2
Evocations     | |  1.0

Action                     |  1- 3 |  4- 6 || total
---------------------------+-------+-------++-------
  Melee: Dagger            |    42 |     6 ||    48
         Hand axe          |     7 |       ||     7
         Punch             |       |     1 ||     1
   Fire: Shortbow          |    69 |    20 ||    89
    Use: Scroll            |    11 |     1 ||    12
         Potion            |     1 |       ||     1
 Armour: Ring mail         |    24 |    17 ||    41
  Dodge: Dodged            |    36 |    16 ||    52
